[Event "Saturday 27 January Rapid Engine Tour 12+1 Rounds 9 Starts 1600 ST"]
[Site "Infinity Chess"]
[Date "2018.1.27"]
[Round "2"]
[White "MiKachomiKa QueeN"]
[Black "hafaba"]
[Result "1/2-1/2 "]
[ECO "B00"]
[WhiteElo "2436"]
[BlackElo "2491"]
[WhiteEngine "stockfish_18012314_x64_modern_CTG"]
[BlackEngine "SF SL FA 26012018 POPCNT_CTG"]
[EventType "Swiss"]
[WhiteTeam ""]
[BlackTeam ""]
[PlyCount "144"]
[TimeControl "720+1"]

1. e4 Nc6 2. d4 d5 3. e5 Bf5 4. c3 e6 5. Nd2 f6 6. f4 g5 7. Ngf3 gxf4 
8. Bb5 fxe5 9. dxe5 Nge7 10. Nd4 Rg8 11. Qh5+ Bg6 12. Qh3 Qd7 13. Qxe6 O-O-O 
14. O-O a6 15. Ba4 Bh6 16. N2f3 Rde8 17. Qf6 Bg7 18. e6 Bxf6 19. exd7+ Kxd7 
20. Bxf4 b5 21. Nxc6 Kxc6 22. Bb3 Kb7 23. Rae1 Bd3 24. Rf2 Bc4 25. Re6 Rgf8 
26. Bg5 Bxb3 27. axb3 Ng8 28. Rxe8 Rxe8 29. b4 Kb6 30. h4 a5 31. bxa5+ Kxa5 
32. Nd2 Bxg5 33. hxg5 b4 34. Rf5 c6 35. Kf2 bxc3 36. bxc3 Kb6 37. c4 Kc5 
38. cxd5 cxd5 39. g3 Ne7 40. Rf7 Nc6 41. Rxh7 Nd4 42. g6 Re2+ 43. Kg1 Re6 
44. Rh6 Nf5 45. Rh5 Ne7 46. Rg5 Nxg6 47. Nb3+ Kc4 48. Na5+ Kd4 49. Nb3+ Kc3 
50. Nc5 Rd6 51. Nb7 Rb6 52. Rxd5 Rxb7 53. Kg2 Kc4 54. Rg5 Rb6 55. Rf5 Kd4 
56. Rf1 Ke5 57. Rf2 Rb3 58. Rf1 Rb4 59. Rf3 Ke6 60. Kh3 Ra4 61. Kg2 Rd4 
62. Rf2 Rc4 63. Kh3 Ra4 64. Kg2 Ke5 65. Rf3 Rb4 66. Rf1 Rd4 67. Rf7 Rb4 
68. Kh3 Ke6 69. Rf1 Rd4 70. Ra1 Ne7 71. Ra6+ Kf5 72. Ra5+ Ke6 1/2-1/2

[Event "Saturday 27 January Rapid Engine Tour 12+1 Rounds 9 Starts 1600 ST"]
[Site "Infinity Chess"]
[Date "2018.1.27"]
[Round "1"]
[White "angriff"]
[Black "RonWeasley"]
[Result "1/2-1/2 "]
[ECO "A46"]
[WhiteElo "2361"]
[BlackElo "2456"]
[WhiteEngine "Stockfish SL FA POPCNT_CTG"]
[BlackEngine "BrainFish 060118_CTG"]
[EventType "Swiss"]
[WhiteTeam ""]
[BlackTeam ""]
[PlyCount "172"]
[TimeControl "720+1"]

1. d4 Nf6 2. Nf3 d5 3. c4 e6 4. Nc3 c6 5. e3 Nbd7 6. Be2 Bd6 7. b3 b6 8. O-O O-O 
9. Qc2 Bb7 10. Bb2 Qe7 11. Rfe1 Rfe8 12. e4 Nxe4 13. Nxe4 dxe4 14. Qxe4 Rad8 
15. Qc2 Ba3 16. Bxa3 Qxa3 17. Bd3 Nf6 18. Be4 h6 19. c5 Nxe4 20. Rxe4 Rd5 
21. Re3 Qa5 22. Rc3 bxc5 23. Rxc5 Rxc5 24. dxc5 Rd8 25. b4 Qa3 26. Qb3 Rd3 
27. Qxa3 Rxa3 28. h4 a5 29. bxa5 Ba6 30. Rd1 Rxa2 31. Rd8+ Kh7 32. Nd4 Rxa5 
33. Ra8 Ra1+ 34. Kh2 Rd1 35. Nxe6 Bc4 36. Nf8+ Kh8 37. Ne6+ Kh7 38. Nf8+ Kh8 
39. Rc8 Rd2 40. Kg3 Rd5 41. Nd7+ Kh7 42. Rc7 Bf1 43. f3 Bb5 44. f4 h5 
45. Nf8+ Kg8 46. Rc8 Rd3+ 47. Kh2 Rd5 48. Ne6+ Kh7 49. Nd8 f6 50. Ne6 Kg6 
51. Rc7 Kf5 52. Nxg7+ Kxf4 53. Rf7 Ke4 54. Rxf6 Rxc5 55. Re6+ Re5 56. Rxe5+ Kxe5 
57. Nxh5 c5 58. Kg3 c4 59. Kf2 c3 60. Ke1 Bd3 61. g3 Bg6 62. Nf4 Bh7 63. Ne2 c2 
64. Kd2 c1=Q+ 65. Nxc1 Ke4 66. Ke2 Bf5 67. Kf2 Bg4 68. Ne2 Kf5 69. Nf4 Bd1 
70. Nd3 Bb3 71. Ne1 Bd5 72. Nf3 Ba2 73. Ne1 Bb3 74. Kg2 Be6 75. Nc2 Bd5+ 
76. Kh3 Bb7 77. Nd4+ Ke4 78. Ne2 Bc8+ 79. Kg2 Bd7 80. Nf4 Bg4 81. Ng6 Bd1 
82. Kh3 Kf5 83. Ne7+ Kf6 84. Nd5+ Ke5 85. Nb4 Kf5 86. Kg2 Bb3 1/2-1/2

[Event "Saturday 27 January Rapid Engine Tour 12+1 Rounds 9 Starts 1600 ST"]
[Site "Infinity Chess"]
[Date "2018.1.27"]
[Round "1"]
[White "star99"]
[Black "Prometheus"]
[Result "1/2-1/2"]
[ECO "E40"]
[WhiteElo "2382"]
[BlackElo "2463"]
[WhiteEngine "Cryptic AIL V2"]
[BlackEngine "Eman 1.67a-64bit-IDeA"]
[EventType "Swiss"]
[WhiteTeam ""]
[BlackTeam ""]
[PlyCount "69"]
[TimeControl "720+1"]

1. d4 Nf6 2. c4 e6 3. Nc3 Bb4 4. e3 O-O 5. Bd2 b6 6. a3 Bxc3 7. Bxc3 Ne4 
8. Ne2 Qh4 9. g3 Qf6 10. f4 Bb7 11. d5 Qe7 12. Bg2 exd5 13. Qd4 f6 14. cxd5 Re8 
15. O-O Na6 16. Rfe1 Nac5 17. Bb4 Qf7 18. Rad1 c6 19. Bxc5 bxc5 20. Qd3 cxd5 
21. Nc3 f5 22. Nxd5 Rab8 23. Nc3 Nxc3 24. Bxb7 Nxd1 25. Bd5 Re6 26. Rxd1 Rxb2 
27. Qc3 Re2 28. Qxc5 h6 29. Bc4 Qh5 30. Bxe2 Qxe2 31. Rxd7 Qe1+ 32. Kg2 Qe2+ 
33. Kg1 Qe1+ 34. Kg2 Qe2+ 35. Kg1 1/2-1/2

[Event "Saturday 27 January Rapid Engine Tour 12+1 Rounds 9 Starts 1600 ST"]
[Site "Infinity Chess"]
[Date "2018.1.27"]
[Round "1"]
[White "Susanne"]
[Black "IronMan"]
[Result "1/2-1/2 "]
[ECO "C55"]
[WhiteElo "2469"]
[BlackElo "2392"]
[WhiteEngine "BrainFish_x64_bmi2_CTG"]
[BlackEngine "SF SL FA 250118-IDeA"]
[EventType "Swiss"]
[WhiteTeam ""]
[BlackTeam ""]
[PlyCount "277"]
[TimeControl "720+1"]

1. e4 e5 2. Nf3 Nc6 3. Bc4 Nf6 4. d3 Bc5 5. c3 d6 6. O-O a5 7. Nbd2 O-O 
8. Re1 h6 9. Nf1 a4 10. h3 Ra5 11. Ng3 b5 12. b4 axb3 13. Bxb3 Be6 14. Rb1 Bb6 
15. d4 exd4 16. cxd4 d5 17. e5 Ne4 18. Rb2 Nxg3 19. fxg3 Bf5 20. Rbe2 Ne7 
21. Nh4 Bh7 22. Kh1 c5 23. dxc5 Bxc5 24. e6 f6 25. g4 b4 26. Rf1 Be4 27. Nf5 Kh7 
28. Bf4 Qb6 29. Ng3 Bg6 30. Nf5 Rd8 31. Ree1 Bxf5 32. gxf5 Bd6 33. Be3 Bc5 
34. Bc1 Bd6 35. Be3 Bc5 36. Bd2 Bd6 37. Qh5 Rg8 38. Qe2 d4 39. Qd3 Rc8 
40. Re4 Be5 41. Rh4 Rac5 42. Qe2 Qb5 43. Qxb5 Rxb5 44. Re4 Nd5 45. Ree1 Nc3 
46. g4 Bg3 47. Rc1 Bd6 48. Rf3 Re5 49. Rd3 Bc5 50. Kg2 g5 51. Re1 Ne4 
52. Bc1 Nc3 53. Rxe5 fxe5 54. Rf3 e4 55. Rf1 e3 56. f6 Ne2 57. Bc2+ Kg8 
58. Bf5 Rb8 59. Kf3 Nf4 60. Ke4 b3 61. axb3 e2 62. Rh1 d3 63. Bd2 Bb4 
64. Bxf4 gxf4 65. Kxd3 e1=Q 66. Rxe1 Bxe1 67. Bg6 Bh4 68. e7 Bxf6 69. e8=Q+ Rxe8 
70. Bxe8 Kf8 71. Bb5 Ke7 72. Bc4 Kd6 73. Ke4 Bg5 74. b4 Kc7 75. b5 Kb6 
76. Bd3 Kc7 77. Bc4 Kb6 78. Bd3 Kc5 79. Kf3 Kd6 80. Bf1 Kd5 81. Be2 Kc5 
82. Ke4 Kb6 83. Bc4 Kc7 84. Bf1 Kd6 85. Kd4 f3 86. Bd3 f2 87. Ke4 Bd8 
88. Bc4 Bb6 89. Kf4 Kc5 90. Bd3 Kd4 91. Bf1 Kd5 92. Kf5 Be3 93. h4 Kd6 
94. Ke4 Bb6 95. Kf5 Be3 96. Kg6 Ke5 97. Be2 Kd6 98. Bf1 Ke6 99. Kg7 Ke5 
100. Kg6 Kd6 101. Kg7 Bf4 102. Bc4 Be3 103. Be2 Ke5 104. Kg6 Kd6 105. Kh7 Kd5 
106. Kg7 Ke6 107. Bc4+ Ke5 108. Kg6 Kd4 109. Be2 Ke5 110. Bc4 Kd6 111. Kg7 Bf4 
112. Kf6 Be5+ 113. Kf5 Bd4 114. g5 hxg5 115. h5 Ke7 116. Kxg5 f1=Q 117. Bxf1 Kf7 
118. Bc4+ Kg7 119. h6+ Kh8 120. Kg6 Be3 121. Be2 Bb6 122. Kh5 Kh7 123. Bd1 Bc5 
124. Bg4 Kh8 125. Kg5 Bb6 126. Bf5 Bg1 127. Kf4 Bf2 128. Ke5 Bb6 129. h7 Bg1 
130. Kd5 Be3 131. Be4 Bf2 132. Ke6 Bb6 133. Bb1 Bg1 134. Kd5 Be3 135. Bg6 Bb6 
136. Bb1 Kg7 137. Bd3 Bg1 138. Kc4 Bf2 139. Kb3 1/2-1/2

[Event "Saturday 27 January Rapid Engine Tour 12+1 Rounds 9 Starts 1600 ST"]
[Site "Infinity Chess"]
[Date "2018.1.27"]
[Round "1"]
[White "incredible"]
[Black "Gilgamesch"]
[Result "1/2-1/2"]
[ECO "C50"]
[WhiteElo "2412"]
[BlackElo "2469"]
[WhiteEngine "Houdini 6"]
[BlackEngine "BrainFish_171005_x64_bmi2"]
[EventType "Swiss"]
[WhiteTeam ""]
[BlackTeam ""]
[PlyCount "99"]
[TimeControl "720+1"]

1. e4 e5 2. Nf3 Nc6 3. Bc4 Bc5 4. O-O Nf6 5. d3 a5 6. Nc3 d6 7. h3 O-O 
8. Be3 Bxe3 9. fxe3 Qe7 10. Qe1 Nb4 11. Bb3 Be6 12. Bxe6 fxe6 13. Qe2 Nc6 
14. Rf2 Nd8 15. Raf1 Nf7 16. Nd2 c6 17. Qf3 Nh8 18. Qg3 Nh5 19. Rxf8+ Rxf8 
20. Rxf8+ Kxf8 21. Qe1 Nf7 22. Nd1 Qc7 23. Nf3 Nf6 24. c4 Qb6 25. Kf2 Qb4 
26. Ke2 Qxe1+ 27. Kxe1 d5 28. Nf2 Nd7 29. Kd2 dxc4 30. dxc4 b5 31. Kc3 b4+ 
32. Kc2 a4 33. a3 b3+ 34. Kc3 c5 35. g3 Ke7 36. Kd3 g6 37. h4 h6 38. Nd2 g5 
39. Nf3 gxh4 40. gxh4 h5 41. Nd1 Kf6 42. Nd2 Nd6 43. Nc3 Nb6 44. Nb5 Ke7 
45. Nxd6 Kxd6 46. Nb1 Kc6 47. Nc3 Kd6 48. Nb1 Nd7 49. Nc3 Nb6 50. Nb1 1/2-1/2

[Event "Saturday 27 January Rapid Engine Tour 12+1 Rounds 9 Starts 1600 ST"]
[Site "Infinity Chess"]
[Date "2018.1.27"]
[Round "1"]
[White "Ninja_Bp"]
[Black "KillBill2017"]
[Result "1/2-1/2"]
[ECO "C53"]
[WhiteElo "2462"]
[BlackElo "2364"]
[WhiteEngine "Houdini 6"]
[BlackEngine "Stockfish_x64_230118_Color_Contempt_pop_720mingw_CTG"]
[EventType "Swiss"]
[WhiteTeam ""]
[BlackTeam ""]
[PlyCount "179"]
[TimeControl "720+1"]

1. e4 e5 2. Nf3 Nc6 3. Bc4 Bc5 4. c3 Nf6 5. d3 d6 6. O-O O-O 7. Re1 a5 
8. Nbd2 Ba7 9. Nf1 Be6 10. Bb3 h6 11. Bxe6 fxe6 12. Ng3 d5 13. exd5 exd5 
14. Be3 Bxe3 15. Rxe3 d4 16. Re1 Qd5 17. h3 Rad8 18. c4 Qe6 19. a3 Nd7 
20. b4 axb4 21. axb4 Nxb4 22. Rb1 Qe7 23. Nxd4 Qf7 24. Nf3 Nc6 25. Ne4 b6 
26. Rb5 Ra8 27. Re3 Ra2 28. Rb1 Nd4 29. Nxd4 exd4 30. Rf3 Qe8 31. Rxf8+ Nxf8 
32. f4 Qd7 33. Qh5 Qf7 34. Qg4 Ra3 35. Rd1 Qg6 36. Qf3 Qf5 37. Ng3 Qe6 
38. Kh2 Ra5 39. Rf1 Qe3 40. Qd1 Kh8 41. c5 Ra3 42. Qg4 Qe7 43. Qc8 Kg8 
44. cxb6 cxb6 45. Qc4+ Qf7 46. Qxd4 Qd7 47. Qc4+ Qf7 48. Qe4 Nd7 49. Rf3 Nf6 
50. Qb4 Rb3 51. Qa4 Rb2 52. Ne4 Kh7 53. Qc6 Qg6 54. Nxf6+ Qxf6 55. Qxf6 gxf6 
56. Kg3 h5 57. Rf2 Rb3 58. Rd2 Kg6 59. Kh4 Rb5 60. Rc2 Rd5 61. Rb2 Rd4 
62. g3 Rxd3 63. Rb5 f5 64. Rxb6+ Kg7 65. Rc6 Rf3 66. Rc5 Kg6 67. Rc8 Kg7 
68. Ra8 Rc3 69. Ra7+ Kg6 70. Ra6+ Kg7 71. Ra2 Kf6 72. Rb2 Kf7 73. Rb4 Kg6 
74. Rb5 Re3 75. Rb6+ Kg7 76. Rb2 Kf6 77. Rd2 Rc3 78. Rd7 Kg6 79. Rd6+ Kg7 
80. Rd8 Re3 81. Rd7+ Kg6 82. Rb7 Rc3 83. Ra7 Rb3 84. Ra1 Rd3 85. Rc1 Kf6 
86. Rc7 Kg6 87. g4 hxg4 88. hxg4 fxg4 89. Kxg4 Kf6 90. Rc6+ 1/2-1/2

[Event "Saturday 27 January Rapid Engine Tour 12+1 Rounds 9 Starts 1600 ST"]
[Site "Infinity Chess"]
[Date "2018.1.27"]
[Round "1"]
[White "hafaba"]
[Black "Dovahkiin"]
[Result "1-0"]
[ECO "A06"]
[WhiteElo "2478"]
[BlackElo "2415"]
[WhiteEngine "SF SL FA 26012018 POPCNT_CTG"]
[BlackEngine "BrainFish_180113_x64_modern_CTG"]
[EventType "Swiss"]
[WhiteTeam ""]
[BlackTeam ""]
[PlyCount "147"]
[TimeControl "720+1"]

1. Nf3 d5 2. d4 Nf6 3. c4 e6 4. Nc3 c6 5. e3 Nbd7 6. Be2 Bd6 7. b3 O-O 8. Bb2 b6 
9. Qc2 Bb7 10. O-O Qe7 11. Rfe1 Rfe8 12. Rad1 Rad8 13. h3 c5 14. dxc5 bxc5 
15. Bf1 Bc7 16. cxd5 exd5 17. Nh4 Ba5 18. Re2 g6 19. Nf3 Nf8 20. a3 Rc8 
21. Qc1 N8d7 22. Ba1 Qf8 23. Rc2 Bxc3 24. Rxc3 h6 25. Rc2 Re6 26. Ne1 Rb6 
27. Nd3 Qe7 28. b4 c4 29. Nf4 g5 30. Ne2 Ne4 31. f3 Nd6 32. Nc3 Nf6 33. Na4 Rb5 
34. Nc5 a5 35. e4 axb4 36. axb4 dxe4 37. Qd2 Nde8 38. Rxc4 Rb6 39. fxe4 Rd6 
40. Bd3 Rcd8 41. e5 Rxd3 42. Nxd3 Qe6 43. Rd4 Rxd4 44. Bxd4 Ne4 45. Nc5 Qc8 
46. Nxe4 Bxe4 47. Re1 Bd5 48. e6 Bxe6 49. Qe2 Qb8 50. b5 Qf4 51. Qb2 Nd6 
52. b6 Nc4 53. Qa1 Bd5 54. Re8+ Kh7 55. b7 Bxb7 56. Qb1+ Be4 57. Rxe4 Nd2 
58. Rxf4+ Nxb1 59. Rxf7+ Kg6 60. Rf6+ Kh7 61. Kf2 Nd2 62. Ke3 Nb3 63. Rb6 Na5 
64. Kd3 h5 65. Bc3 Kg8 66. Bxa5 Kf7 67. Ke4 Ke7 68. Bb4+ Kd7 69. Kd5 Kc7 
70. Rb5 g4 71. Bd6+ Kd7 72. Rb7+ Ke8 73. Ke6 g3 74. Rb8# 1-0

[Event "Saturday 27 January Rapid Engine Tour 12+1 Rounds 9 Starts 1600 ST"]
[Site "Infinity Chess"]
[Date "2018.1.27"]
[Round "1"]
[White "MiKachomiKa QueeN"]
[Black "Marsell"]
[Result "1-0"]
[ECO "C58"]
[WhiteElo "2417"]
[BlackElo "2495"]
[WhiteEngine "stockfish_18012314_x64_modern_CTG"]
[BlackEngine "asmFishW_2018-01-11_popcnt"]
[EventType "Swiss"]
[WhiteTeam ""]
[BlackTeam ""]
[PlyCount "211"]
[TimeControl "720+1"]

1. e4 e5 2. Nf3 Nc6 3. Bc4 Nf6 4. Ng5 d5 5. exd5 Na5 6. Bb5+ c6 7. dxc6 bxc6 
8. Qf3 Be7 9. Bd3 O-O 10. Nc3 Rb8 11. O-O h6 12. Nge4 Nh7 13. Ng3 Ng5 14. Qe2 f5 
15. f3 Bd6 16. b3 Ne6 17. Bb2 Nf4 18. Qe3 Ne6 19. Qe1 Nf4 20. Be2 Bd7 
21. Rf2 Re8 22. Bf1 Kh7 23. Nd1 g6 24. Ne2 Bc5 25. Nxf4 exf4 26. Be2 Be6 
27. Bc3 Nb7 28. Nb2 Bf7 29. Nd3 Bxf2+ 30. Qxf2 Qd6 31. a4 a5 32. Bf1 c5 
33. Nb2 Re7 34. Bb5 Qc7 35. Re1 Nd6 36. Rxe7 Qxe7 37. Bf1 Rc8 38. h3 Qc7 
39. Nd3 g5 40. h4 c4 41. Qd4 Rg8 42. Nf2 gxh4 43. Qxf4 cxb3 44. cxb3 h3 
45. Nxh3 Bxb3 46. Bd3 Qc5+ 47. Kh2 Be6 48. Be5 Rd8 49. Bf6 Rg8 50. Be5 Rd8 
51. Qg3 Ne8 52. Bc3 Qe7 53. Bc2 Bd7 54. Bxa5 Rc8 55. Bc3 Qd6 56. Be5 Qe7 
57. Bb3 Ng7 58. Nf4 Qg5 59. Qf2 Re8 60. Nh3 Qe7 61. d4 Be6 62. Bc2 Ra8 
63. Nf4 Qg5 64. Qe1 Bd7 65. a5 Nh5 66. Nd5 Rg8 67. g4 Rg6 68. Ne3 fxg4 
69. fxg4 Nf6 70. Bxf6 Qf4+ 71. Kg1 Qxf6 72. Qb4 Kg8 73. Qb8+ Kf7 74. Bxg6+ Qxg6 
75. Qb7 Qe6 76. Kf2 Ke8 77. a6 Bc8 78. Qb5+ Kf7 79. Qf5+ Qxf5+ 80. Nxf5 Bxa6 
81. Nxh6+ Kf6 82. Kf3 Kg5 83. Nf7+ Kf6 84. Nd6 Ke6 85. Nf5 Bf1 86. Ne3 Bd3 
87. Kf4 Ba6 88. d5+ Kf6 89. g5+ Kg7 90. Nf5+ Kg6 91. d6 Bb5 92. Nd4 Ba4 
93. Ne6 Kf7 94. Nc5 Bb5 95. Kf5 Bc4 96. g6+ Ke8 97. Ne4 Bb5 98. Nf6+ Kf8 
99. d7 Ke7 100. Ke5 Bc4 101. Nd5+ Kd8 102. g7 Bb5 103. g8=Q+ Kxd7 104. Qe6+ Kd8 
105. Qe7+ Kc8 106. Qc7# 1-0

[Event "Saturday 27 January Rapid Engine Tour 12+1 Rounds 9 Starts 1600 ST"]
[Site "Infinity Chess"]
[Date "2018.1.27"]
[Round "1"]
[White "KRAKEN"]
[Black "neófito"]
[Result "1/2-1/2"]
[ECO "D31"]
[WhiteElo "2506"]
[BlackElo "2431"]
[WhiteEngine "Raubfisch X37b4_CTG"]
[BlackEngine "asmfish-bmi2-012018-W_CTG"]
[EventType "Swiss"]
[WhiteTeam ""]
[BlackTeam ""]
[PlyCount "138"]
[TimeControl "720+1"]

1. d4 d5 2. c4 e6 3. Nc3 c6 4. Nf3 Nf6 5. Bg5 h6 6. Bxf6 Qxf6 7. e3 Nd7 
8. Be2 g6 9. O-O Bg7 10. cxd5 exd5 11. b4 a6 12. a4 O-O 13. b5 Qd6 14. Qb3 a5 
15. Rfc1 Rd8 16. Rab1 Nf8 17. Qd1 Rb8 18. Qd2 Ne6 19. Bd1 Bd7 20. h3 Re8 
21. Ne2 cxb5 22. axb5 b6 23. Qa2 Red8 24. Nc3 Bc8 25. Na4 Bb7 26. Be2 Ng5 
27. Nxg5 hxg5 28. Rc3 Rdc8 29. Rbc1 Rxc3 30. Rxc3 Bf8 31. Qc2 Qd8 32. Bg4 Bd6 
33. g3 Kh8 34. Bf3 Kg7 35. Bg2 Kh7 36. Qb3 Kg7 37. Kh2 Qf6 38. Kg1 Bb4 
39. Rc7 Qd6 40. Rc1 f5 41. Rc2 Re8 42. Nc3 f4 43. Nxd5 Bxd5 44. Qxd5 Qxd5 
45. Bxd5 fxe3 46. fxe3 Rxe3 47. Kf2 Rd3 48. Rc7+ Kf8 49. Rf7+ Ke8 50. Rb7 Rxd4 
51. Bc6+ Kd8 52. Rxb6 Bc5 53. Ra6 Rb4+ 54. Kf3 Rb3+ 55. Kg2 Bd6 56. g4 Bc7 
57. Ra7 Rg3+ 58. Kf2 Bb6+ 59. Kxg3 Bxa7 60. Be4 a4 61. Bxg6 a3 62. Bf7 Kc7 
63. h4 gxh4+ 64. Kxh4 Kb6 65. g5 a2 66. Bxa2 Kxb5 67. g6 Bf2+ 68. Kh5 Bd4 
69. g7 Bxg7 1/2-1/2

[Event "Saturday 27 January Rapid Engine Tour 12+1 Rounds 9 Starts 1600 ST"]
[Site "Infinity Chess"]
[Date "2018.1.27"]
[Round "1"]
[White "Thinker"]
[Black "Murx"]
[Result "1/2-1/2"]
[ECO "C50"]
[WhiteElo "2431"]
[BlackElo "2525"]
[WhiteEngine "BrainFish_180124_x64_modern_CTG"]
[BlackEngine "BrainFish_180113_x64_modern"]
[EventType "Swiss"]
[WhiteTeam ""]
[BlackTeam ""]
[PlyCount "107"]
[TimeControl "720+1"]

1. e4 e5 2. Nf3 Nc6 3. Bc4 Bc5 4. O-O Nf6 5. d3 d6 6. c3 a5 7. h3 O-O 8. Nbd2 h6 
9. Re1 Be6 10. b3 Bb6 11. a4 d5 12. Bb5 Ne7 13. exd5 Nfxd5 14. Qc2 c6 
15. Bc4 Ng6 16. d4 Ndf4 17. dxe5 Nh4 18. Bf1 Bd5 19. Re4 Nfg6 20. Bc4 Re8 
21. g3 Nxf3+ 22. Nxf3 Qd7 23. Bxd5 cxd5 24. Rg4 Qc6 25. Nd4 Bxd4 26. Rxd4 Nxe5 
27. Kg2 b5 28. axb5 Qxb5 29. Qd1 Qb7 30. Rxd5 a4 31. f3 Rac8 32. Bf4 Ng6 
33. Rxa4 Rxc3 34. Rd3 Rec8 35. Rxc3 Rxc3 36. Bd6 Qc6 37. Rc4 Rxc4 38. bxc4 Qxc4 
39. Qd2 h5 40. h4 Kh7 41. Bb4 Ne5 42. Bc3 Nd3 43. Kh2 Qd5 44. Kg2 f6 45. Qc2 Qc4 
46. Qd2 f5 47. Kh3 f4 48. Kg2 fxg3 49. Qg5 Qxc3 50. Qxh5+ Kg8 51. Qe8+ Kh7 
52. Qh5+ Kg8 53. Qe8+ Kh7 54. Qh5+ 1/2-1/2

[Event "Saturday 27 January Rapid Engine Tour 12+1 Rounds 9 Starts 1600 ST"]
[Site "Infinity Chess"]
[Date "2018.1.27"]
[Round "1"]
[White "xeonrocks"]
[Black "BraveDevil"]
[Result "1/2-1/2"]
[ECO "B90"]
[WhiteElo "2537"]
[BlackElo "2437"]
[WhiteEngine "asmFishW_CTG"]
[BlackEngine "Cryptic AIL V2"]
[EventType "Swiss"]
[WhiteTeam ""]
[BlackTeam ""]
[PlyCount "29"]
[TimeControl "720+1"]

1. e4 c5 2. Nf3 d6 3. d4 cxd4 4. Nxd4 Nf6 5. Nc3 a6 6. Be3 e5 7. Nf3 Be7 
8. Bc4 O-O 9. O-O Nc6 10. Bg5 Be6 11. Qe2 Nh5 12. Be3 Nf6 13. Bg5 Nh5 
14. Be3 Nf6 15. Bg5 1/2-1/2

[Event "Saturday Night Engine Tour 13 rd Swiss 5m+1s Starts at 2200hrs ST"]
[Site "Infinity Chess"]
[Date "2018.1.14"]
[Round "13"]
[White "MiKachomiKa QueeN"]
[Black "KULLANI"]
[Result "1/2-1/2"]
[ECO "C50"]
[WhiteElo "2480"]
[BlackElo "2442"]
[WhiteEngine "stockfish_18011309_x64_modern_CTG"]
[BlackEngine "BrainFish_180106_x64_CTG"]
[EventType "Swiss"]
[WhiteTeam ""]
[BlackTeam ""]
[PlyCount "117"]
[TimeControl "300+1"]

1. e4 e5 2. Nf3 Nc6 3. Bc4 Bc5 4. d3 Nf6 5. c3 d6 6. O-O a5 7. Bg5 O-O 
8. Nbd2 h6 9. Bh4 Be6 10. h3 g5 11. Bg3 Nh5 12. Bh2 Nf4 13. a3 Qf6 14. Bxf4 gxf4 
15. Bxe6 fxe6 16. b4 Ba7 17. Qe2 Kh8 18. Kh1 Rg8 19. b5 Nd8 20. a4 Nf7 
21. Rg1 Rg7 22. Rad1 Ng5 23. Nh2 Qg6 24. Ndf3 Qh5 25. Rde1 Bb6 26. d4 exd4 
27. cxd4 Rag8 28. Nxg5 Qxe2 29. Rxe2 Rxg5 30. Nf3 R5g6 31. e5 d5 32. Rd2 R6g7 
33. Rd3 Rc8 34. Rb3 Rcg8 35. Rd3 Rc8 36. Rc1 Rcg8 37. Ne1 Rf7 38. Rcc3 Kh7 
39. Kg1 Rc8 40. Nf3 Kg6 41. Nh4+ Kh7 42. Kf1 c5 43. bxc6 bxc6 44. Rd1 c5 
45. dxc5 Bxc5 46. Nf3 Rfc7 47. Rdc1 Bb6 48. Rxc7+ Rxc7 49. Rxc7+ Bxc7 
50. Nd4 Bxe5 51. Nxe6 Kg6 52. Nc5 Kf5 53. Nb3 Bc3 54. Ke2 Ke4 55. Nc5+ Kd4 
56. Nd3 Ke4 57. Nc5+ Kd4 58. Nd3 Ke4 59. Nc5+ 1/2-1/2

[Event "Saturday Night Engine Tour 13 rd Swiss 5m+1s Starts at 2200hrs ST"]
[Site "Infinity Chess"]
[Date "2018.1.14"]
[Round "13"]
[White "KillBill2017"]
[Black "SkyPilot"]
[Result "1/2-1/2"]
[ECO "B90"]
[WhiteElo "2444"]
[BlackElo "2540"]
[WhiteEngine "asmFishW_2018-01-12_popcnt_CTG"]
[BlackEngine "stockfish_x64_bmi2_2018_01_01_CTG"]
[EventType "Swiss"]
[WhiteTeam ""]
[BlackTeam ""]
[PlyCount "135"]
[TimeControl "300+1"]

1. e4 c5 2. Nf3 d6 3. d4 cxd4 4. Nxd4 Nf6 5. Nc3 a6 6. Be3 e5 7. Nb3 Be6 
8. f3 h5 9. Qd2 Nbd7 10. Nd5 Bxd5 11. exd5 g6 12. Be2 Bg7 13. O-O b6 14. c4 O-O 
15. Rae1 Re8 16. Bf2 Qc7 17. Bd3 a5 18. Be2 Rac8 19. Qd1 Bh6 20. Kh1 Bg7 
21. Bg1 Bh6 22. Nd2 Qb7 23. Ne4 Nxe4 24. fxe4 Kg7 25. Rf3 Rf8 26. Ref1 Nc5 
27. Qb1 h4 28. b3 Bg5 29. Bf2 Qe7 30. Bd3 Rh8 31. Qe1 Bf4 32. Bc2 Rh6 
33. Rh3 Rch8 34. Bd1 Qg5 35. a3 Nd7 36. Rd3 Rb8 37. Rh3 Rbh8 38. Rd3 Rb8 
39. Rf3 Qe7 40. Rc3 Qg5 41. Rf3 Qe7 42. Rc3 Qg5 43. Rd3 Rbh8 44. Kg1 Rc8 
45. Rh3 Rch8 46. Kh1 Bd2 47. Qe2 Bf4 48. b4 axb4 49. axb4 Ra8 50. Qb2 Nf6 
51. Qc2 Nd7 52. Qb2 Bc1 53. Qe2 Bf4 54. Bg1 Rhh8 55. Qb2 Nf6 56. Qe2 Nd7 
57. Qb2 Nf6 58. Qb1 Nd7 59. Rhf3 Qd8 60. Qc2 g5 61. Be2 Nf6 62. Rc3 Qc7 
63. Bf2 Qa7 64. Rb3 Qa2 65. Rb2 Qa7 66. Rb3 Qa2 67. Rb2 Qa7 68. Rb3 1/2-1/2

[Event "Saturday Night Engine Tour 13 rd Swiss 5m+1s Starts at 2200hrs ST"]
[Site "Infinity Chess"]
[Date "2018.1.14"]
[Round "13"]
[White "RonWeasley"]
[Black "neófito"]
[Result "1/2-1/2"]
[ECO "C11"]
[WhiteElo "2528"]
[BlackElo "2486"]
[WhiteEngine "BrainFish 060118_CTG"]
[BlackEngine "BrainFish_180106_x64_bmi2_CTG"]
[EventType "Swiss"]
[WhiteTeam ""]
[BlackTeam ""]
[PlyCount "257"]
[TimeControl "300+1"]

1. e4 e6 2. d4 d5 3. Nc3 Nf6 4. e5 Nfd7 5. f4 c5 6. Nf3 Nc6 7. Be3 Qb6 
8. Na4 Qa5+ 9. c3 c4 10. b4 Qc7 11. g3 b5 12. Nc5 Nxc5 13. dxc5 a5 14. a3 Be7 
15. Bg2 h5 16. Nd4 Nxd4 17. Bxd4 g6 18. h3 Bb7 19. Bf3 Bc6 20. O-O Ra6 
21. Qe2 Qb7 22. Kg2 Qa7 23. Rad1 Kf8 24. g4 hxg4 25. hxg4 Ke8 26. Qe3 axb4 
27. axb4 Ra2+ 28. Rd2 Ra3 29. g5 Bf8 30. Rh1 Rxh1 31. Kxh1 Qa8 32. Kg2 Bg7 
33. Kg3 Kf8 34. Rg2 Kg8 35. Qd2 Kf8 36. Qe3 Kg8 37. Rf2 Kh8 38. Qd2 Kg8 
39. Qe3 Qc8 40. Qd2 Ra4 41. Rh2 Qa8 42. Qc1 Ra3 43. Rh1 Ra4 44. Qf1 Ra2 
45. Qh3 Kf8 46. Rh2 Ra1 47. Qh7 Qa3 48. Qh4 Qa8 49. Qh7 Qa7 50. Re2 Qa3 
51. Qh2 Qa8 52. Rd2 Kg8 53. Qg2 Qa3 54. Qf2 Qa4 55. Qe3 Qa3 56. Qe2 Qb3 
57. Qe3 Qa4 58. Qf2 Ra3 59. Kg2 Ra1 60. Kg3 Qa3 61. Qe2 Kh7 62. Kf2 Kg8 
63. Kg2 Qa7 64. Kh3 Kf8 65. Kg3 Ke7 66. Qh2 Qa8 67. Bg4 Kd7 68. Qh7 Qf8 
69. f5 gxf5 70. Bxf5 Qh8 71. Qxh8 Bxh8 72. Bg4 Re1 73. Be2 Ra1 74. Kf4 Bg7 
75. Bf3 Ke7 76. Rh2 Kf8 77. Bg4 Re1 78. Re2 Rxe2 79. Bxe2 Ke7 80. Bd1 Be8 
81. Bg4 Kd7 82. Be3 Kc7 83. Bd4 Bf8 84. Bf3 Be7 85. Bg4 Kd7 86. Bh5 Kc6 
87. Bg4 Kd7 88. Be2 Bd8 89. Bf2 Ke7 90. Bf3 Kd7 91. Bh4 Bc7 92. Bf2 Bb8 
93. Bg4 Bc7 94. Be2 Bd8 95. Kg4 Ke7 96. Kf4 Kd7 97. Bd4 Ke7 98. Bf3 Kd7 
99. Bd1 Ke7 100. Bc2 Bc7 101. Bd1 Bd8 102. Bg4 Bc7 103. Bf3 Bd7 104. Be2 Bc6 
105. Bf2 Be8 106. Bh4 Kd7 107. Bg3 Ke7 108. Bf2 Kd7 109. Bh4 Bb8 110. Be1 Bc7 
111. Bd2 Ke7 112. Bf3 Bd7 113. Bh5 Bc6 114. Be1 Kf8 115. Bg3 Bd8 116. Bf2 Be7 
117. Bf3 Kg7 118. Bh5 Bf8 119. Be1 Kg8 120. Kg3 Be7 121. Kf4 Kg7 122. Bh4 Kg8 
123. Be1 Bf8 124. Bh4 Be8 125. Bg4 Bg7 126. Bg3 Bd7 127. Ke3 Kf8 128. Bh5 Be8 
129. Kd4 1/2-1/2

[Event "Saturday Night Engine Tour 13 rd Swiss 5m+1s Starts at 2200hrs ST"]
[Site "Infinity Chess"]
[Date "2018.1.14"]
[Round "13"]
[White "Vimtiroba"]
[Black "ocirema"]
[Result "1/2-1/2"]
[ECO "D31"]
[WhiteElo "2544"]
[BlackElo "2493"]
[WhiteEngine "SF@130118_CTG"]
[BlackEngine "stockfish_18010422_x64_modern_CTG"]
[EventType "Swiss"]
[WhiteTeam ""]
[BlackTeam ""]
[PlyCount "83"]
[TimeControl "300+1"]

1. d4 d5 2. c4 e6 3. Nc3 c6 4. e4 dxe4 5. Nxe4 Bb4+ 6. Bd2 Qxd4 7. Bxb4 Qxe4+ 
8. Be2 Na6 9. Bd6 Qxg2 10. Qd2 e5 11. Bxe5 Bf5 12. Bf3 Qg6 13. O-O-O Nc5 
14. Qe3 Bb1 15. Bd6+ Ne6 16. Qb3 O-O-O 17. Bxc6 Nc5 18. Bxc5 Qxc6 19. Qh3+ f5 
20. Rxd8+ Kxd8 21. Nf3 Qxc5 22. Kxb1 Kc8 23. Re1 Nf6 24. Ne5 Qxf2 25. Nd3 Qd4 
26. Qxf5+ Kb8 27. b3 Rd8 28. Kc2 Qd6 29. Re2 Ka8 30. a4 g6 31. Qh3 Ng4 
32. Qg3 Qd7 33. Qf3 Qd6 34. h3 Nh6 35. Qd5 Qxd5 36. cxd5 Nf5 37. Kb2 Kb8 
38. Nf4 Kc8 39. Rc2+ Kb8 40. Re2 Kc8 41. Rc2+ Kb8 42. Re2 1/2-1/2